| TOP OF THE 1ST |
|
Kingsport Mets batting - Pitching for Bristol Pirates : LHP Alfredo Carranza
|
|
Pitching: LHP Alfredo Carranza
|
|
|
Batting: SHB Tyler Maddux
|
0-0: Called Strike 0-1: Ball 1-1: Ball 2-1: Foul Ball, location: 2F 2-2: Ball 3-2: Foul Ball, location: 2F 3-2: Strikes out swinging
|
|
Batting: LHB Jeremy Moorehead
|
0-0: Ball 1-0: Foul Ball, location: 2F 1-1: Called Strike 1-2: Ball 2-2: Foul Ball, location: 2F 2-2: Strikes out swinging
|
|
Batting: RHB Danny Runberg
|
0-0: Hit by Pitch
|
|
Batting: SHB Nick Daigle
|
0-0: Ball 1-0: Called Strike 1-1: Foul Ball, location: 2F 1-2: Fielders Choice at 2nd, 5-4 (Groundball, 56, EV 107.5 MPH)
|
| Top of the 1st over - 0 runs, 0 hits, 0 errors, 1 left on base; Kingsport 0 - Bristol 0 |
| BOTTOM OF THE 1ST |
|
Bristol Pirates batting - Pitching for Kingsport Mets : LHP David Salcido
|
|
Pitching: LHP David Salcido
|
|
|
Batting: SHB Don Hauk
|
0-0: Ball 1-0: SOLO HOME RUN (Flyball, 78XD, EV 100.6 MPH), Distance : 411 ft
|
|
Batting: RHB Pete Hutton
|
0-0: Ball 1-0: Ball 2-0: Ball 3-0: Base on Balls
|
|
Batting: LHB Randy Boone
|
0-0: Ball 1-0: Ball Pete Hutton steals 2nd base 2-0: Swinging Strike 2-1: SINGLE (Groundball, 6MS, EV 64.4 MPH) (infield hit) Pete Hutton to third
|
|
Batting: RHB Randy Bergman
|
0-0: Called Strike 0-1: Fly out, F9 (Flyball, 89M, EV 87.5 MPH) Runner from 3rd tags up, SCORES, throw by RF
|
|
Batting: RHB Alain Marquet
|
0-0: Ball 1-0: Called Strike 1-1: Ball 2-1: Foul Ball, location: 2F 2-2: Foul Ball, location: 2F 2-2: Ball 3-2: Foul Ball, location: 2F 3-2: Base on Balls Randy Boone to second
|
|
Batting: SHB Ronnie Brooks
|
0-0: Ball 1-0: Called Strike 1-1: Fielders Choice at 2nd, 6-4 (Groundball, 6, EV 105.0 MPH) Randy Boone to third
|
|
Batting: RHB Frank Elizondo
|
0-0: Ball 1-0: Ball Passed Ball! Randy Boone scores Ronnie Brooks to second 2-0: Ball 3-0: Base on Balls
|
|
Batting: RHB Andrew DeRicco
|
0-0: Ball 1-0: Fly out, F8 (Line Drive, 8RD, EV 92.5 MPH)
|
| Bottom of the 1st over - 3 runs, 2 hits, 0 errors, 2 left on base; Kingsport 0 - Bristol 3 |
| TOP OF THE 2ND |
|
Kingsport Mets batting - Pitching for Bristol Pirates : LHP Alfredo Carranza
|
|
Batting: LHB Miguel Ramos
|
0-0: Called Strike 0-1: Ball 1-1: Ball 2-1: Foul Ball, location: 2F 2-2: Foul Ball, location: 2F 2-2: Strikes out swinging
|
|
Batting: LHB Matt Baker
|
0-0: Ball 1-0: Ball 2-0: Ball 3-0: Called Strike 3-1: Base on Balls
|
|
Batting: RHB Coltin Nellis
|
0-0: Ball 1-0: Ball 2-0: Called Strike 2-1: Swinging Strike 2-2: Strikes out swinging Matt Baker steals 2nd base Batter strikes out.
|
|
Batting: LHB Jason Jones
|
0-0: Foul Ball, location: 2F 0-1: Swinging Strike 0-2: Strikes out swinging
|
| Top of the 2nd over - 0 runs, 0 hits, 0 errors, 1 left on base; Kingsport 0 - Bristol 3 |
| BOTTOM OF THE 2ND |
|
Bristol Pirates batting - Pitching for Kingsport Mets : LHP David Salcido
|
|
Batting: RHB Erik Mulligan
|
0-0: Called Strike 0-1: Foul Ball, location: 2F 0-2: Ball 1-2: Ball 2-2: Strikes out swinging
|
|
Batting: SHB Don Hauk
|
0-0: Foul Ball, location: 2F 0-1: Ball 1-1: Ball 2-1: Foul Ball, location: 2F 2-2: Ball 3-2: Foul Ball, location: 2F 3-2: Fly out, F7 (Flyball, 78S, EV 86.2 MPH)
|
|
Batting: RHB Pete Hutton
|
0-0: Ball 1-0: Ball 2-0: Called Strike 2-1: Ball 3-1: Foul Ball, location: 2F 3-2: Base on Balls
|
|
Batting: LHB Randy Boone
|
0-0: Ball Passed Ball! Pete Hutton to second 1-0: SINGLE (Line Drive, 4D, EV 94.4 MPH) Pete Hutton to third Runner from 3rd tries for Home, SAFE, throw by CF to home
|
|
Batting: RHB Randy Bergman
|
0-0: Foul Ball, location: 2F 0-1: Ball Wild Pitch! Randy Boone to second 1-1: Called Strike 1-2: Foul Ball, location: 2F 1-2: Foul Ball, location: 2F 1-2: Ball 2-2: Ball Passed Ball! Randy Boone to third 3-2: Base on Balls
|
|
Batting: RHB Alain Marquet
|
0-0: Called Strike 0-1: Swinging Strike 0-2: Foul Ball, location: 2F 0-2: Foul Ball, location: 2F 0-2: Ball 1-2: Strikes out swinging
|
| Bottom of the 2nd over - 1 run, 1 hit, 0 errors, 2 left on base; Kingsport 0 - Bristol 4 |
| TOP OF THE 3RD |
|
Kingsport Mets batting - Pitching for Bristol Pirates : LHP Alfredo Carranza
|
|
Batting: RHB Roberto Delgado
|
0-0: Called Strike 0-1: Swinging Strike 0-2: Foul Ball, location: 2F 0-2: SINGLE (Groundball, 4, EV 98.1 MPH)
|
|
Batting: SHB Tyler Maddux
|
0-0: Called Strike 0-1: Foul Ball, location: 2F 0-2: Strikes out swinging
|
|
Batting: LHB Jeremy Moorehead
|
0-0: SINGLE (Groundball, 56S, EV 62.5 MPH) (infield hit) Roberto Delgado to second
|
|
Batting: RHB Danny Runberg
|
0-0: Called Strike 0-1: Foul Ball, location: 2F 0-2: Hit by Pitch Roberto Delgado to third Jeremy Moorehead to second
|
|
Batting: SHB Nick Daigle
|
0-0: Swinging Strike 0-1: Swinging Strike 0-2: Ball 1-2: Strikes out swinging
|
|
Batting: LHB Miguel Ramos
|
0-0: Called Strike 0-1: Swinging Strike 0-2: Strikes out swinging
|
| Top of the 3rd over - 0 runs, 2 hits, 0 errors, 3 left on base; Kingsport 0 - Bristol 4 |
| BOTTOM OF THE 3RD |
|
Bristol Pirates batting - Pitching for Kingsport Mets : LHP David Salcido
|
|
Batting: SHB Ronnie Brooks
|
0-0: Foul Ball, location: 2F 0-1: SINGLE (Groundball, 6MD, EV 97.5 MPH)
|
|
Batting: RHB Frank Elizondo
|
0-0: Foul Ball, location: 2F 0-1: DOUBLE (Line Drive, 9LM, EV 105.6 MPH) Ronnie Brooks to third
|
|
Batting: RHB Andrew DeRicco
|
0-0: Swinging Strike Passed Ball! Ronnie Brooks scores Frank Elizondo to third 0-1: Ball 1-1: Ball Wild Pitch! Frank Elizondo scores 2-1: Swinging Strike 2-2: Strikes out looking
|
|
Batting: RHB Erik Mulligan
|
0-0: Ground out 6-3 (Groundball, 6, EV 93.1 MPH)
|
|
Batting: SHB Don Hauk
|
0-0: Ball 1-0: Foul Ball, location: 2F 1-1: SINGLE (Line Drive, 8RS, EV 92.5 MPH)
|
|
Batting: RHB Pete Hutton
|
0-0: Ball Passed Ball! Don Hauk to second 1-0: Ball Passed Ball! Don Hauk to third 2-0: Foul Ball, location: 2F 2-1: Foul Ball, location: 2F 2-2: Ball 3-2: Base on Balls
|
|
Batting: LHB Randy Boone
|
0-0: Swinging Strike 0-1: Ball 1-1: Ball Passed Ball! Don Hauk scores Pete Hutton to second 2-1: SINGLE (Groundball, 25, EV 63.1 MPH) (infield hit) Pete Hutton to third
|
|
Batting: RHB Randy Bergman
|
0-0: Foul Ball, location: 2F 0-1: Ball Passed Ball! Pete Hutton scores Randy Boone to second 1-1: Ball Wild Pitch! Randy Boone to third 2-1: Foul Ball, location: 2F 2-2: Fly out, F9 (Flyball, 9, EV 79.4 MPH)
|
| Bottom of the 3rd over - 4 runs, 4 hits, 0 errors, 1 left on base; Kingsport 0 - Bristol 8 |
| TOP OF THE 4TH |
|
Kingsport Mets batting - Pitching for Bristol Pirates : LHP Alfredo Carranza
|
|
Batting: LHB Matt Baker
|
0-0: Foul Ball, location: 2F 0-1: Ground out 3-1 (Groundball, 34S, EV 82.5 MPH)
|
|
Batting: RHB Coltin Nellis
|
0-0: Ball 1-0: Called Strike 1-1: SINGLE (Flyball, 9S, EV 85.0 MPH)
|
|
Batting: LHB Jason Jones
|
0-0: Swinging Strike 0-1: Ball 1-1: Called Strike 1-2: Ball 2-2: Fielders Choice at 2nd, 4-6 (Groundball, 4S, EV 84.4 MPH)
|
|
Batting: RHB Roberto Delgado
|
0-0: Ball 1-0: SINGLE (Flyball, 8LS, EV 100.0 MPH) Jason Jones to second
|
|
Batting: SHB Tyler Maddux
|
0-0: Called Strike 0-1: Foul Ball, location: 2F 0-2: Ball 1-2: Ball 2-2: Ball 3-2: Foul Ball, location: 2F 3-2: Foul Ball, location: 2F 3-2: Base on Balls Jason Jones to third Roberto Delgado to second
|
|
Batting: LHB Jeremy Moorehead
|
0-0: Foul Ball, location: 2F 0-1: Foul Ball, location: 2F 0-2: Ball 1-2: Strikes out swinging
|
| Top of the 4th over - 0 runs, 2 hits, 0 errors, 3 left on base; Kingsport 0 - Bristol 8 |
| BOTTOM OF THE 4TH |
|
Bristol Pirates batting - Pitching for Kingsport Mets : LHP David Salcido
|
|
Pitching: LHP Matt Allert
|
|
|
Batting: RHB Alain Marquet
|
0-0: Called Strike 0-1: Ball 1-1: Ball 2-1: Foul Ball, location: 2F 2-2: Foul Ball, location: 2F 2-2: Fly out, F3 (Popup, 3SF, EV 84.4 MPH)
|
|
Batting: SHB Ronnie Brooks
|
0-0: Called Strike 0-1: Ball 1-1: Ball 2-1: Swinging Strike 2-2: Ball 3-2: Base on Balls
|
|
Batting: RHB Frank Elizondo
|
0-0: Called Strike 0-1: Ball 1-1: Swinging Strike 1-2: Reached on error, E6 (Groundball, 6, EV 95.0 MPH) Ronnie Brooks to second
|
|
Batting: RHB Andrew DeRicco
|
0-0: Ball Passed Ball! Ronnie Brooks to third Frank Elizondo to second 1-0: Ball 2-0: Ball 3-0: Base on Balls
|
|
Batting: RHB Erik Mulligan
|
0-0: Swinging Strike 0-1: Ball 1-1: Swinging Strike 1-2: Ball 2-2: Strikes out swinging
|
|
Batting: SHB Don Hauk
|
0-0: Ball 1-0: SINGLE (Groundball, 56D, EV 93.8 MPH) Ronnie Brooks scores Frank Elizondo to third Andrew DeRicco to second
|
|
Batting: RHB Pete Hutton
|
0-0: Called Strike 0-1: Ball 1-1: Ball 2-1: Ball 3-1: TRIPLE (Flyball, 8LXD, EV 108.8 MPH) Frank Elizondo scores Andrew DeRicco scores Don Hauk scores
|
|
Pitching: RHP Rob Fennell
|
|
|
Batting: LHB Randy Boone
|
0-0: Called Strike 0-1: Ball 1-1: Ball 2-1: Swinging Strike 2-2: Ball Passed Ball! Pete Hutton scores 3-2: Base on Balls
|
|
Batting: RHB Randy Bergman
|
0-0: Called Strike 0-1: Foul Ball, location: 2F 0-2: Strikes out swinging
|
| Bottom of the 4th over - 5 runs, 2 hits, 1 error, 1 left on base; Kingsport 0 - Bristol 13 |
| TOP OF THE 5TH |
|
Kingsport Mets batting - Pitching for Bristol Pirates : LHP Alfredo Carranza
|
|
Batting: RHB Danny Runberg
|
0-0: Ball 1-0: Ball 2-0: Called Strike 2-1: Called Strike 2-2: Foul Ball, location: 2F 2-2: Foul Ball, location: 2F 2-2: Strikes out swinging
|
|
Batting: SHB Nick Daigle
|
0-0: Ball 1-0: Ball 2-0: Ball 3-0: Base on Balls
|
|
Batting: LHB Miguel Ramos
|
0-0: Ball 1-0: Called Strike 1-1: Foul Ball, location: 2F 1-2: Strikes out looking
|
|
Batting: LHB Matt Baker
|
0-0: Ball 1-0: Ball Nick Daigle is caught stealing 2nd base 2-6
|
| Top of the 5th over - 0 runs, 0 hits, 0 errors, 0 left on base; Kingsport 0 - Bristol 13 |
| BOTTOM OF THE 5TH |
|
Bristol Pirates batting - Pitching for Kingsport Mets : RHP Rob Fennell
|
|
Batting: RHB Alain Marquet
|
0-0: Ball 1-0: Ball 2-0: Ball 3-0: Called Strike 3-1: Foul Ball, location: 2F 3-2: Strikes out looking
|
|
Batting: SHB Ronnie Brooks
|
0-0: Ball 1-0: Foul Ball, location: 2F 1-1: Reached via error on a dropped throw from 1B, E1 (Groundball, 34, EV 83.8 MPH)
|
|
Pitching: RHP Pat Sprague
|
|
|
Batting: RHB Frank Elizondo
|
0-0: Ball 1-0: Swinging Strike Passed Ball! Ronnie Brooks to second 1-1: Ball 2-1: Foul Ball, location: 2F 2-2: Ball 3-2: Strikes out swinging
|
|
Batting: RHB Andrew DeRicco
|
0-0: Ball 1-0: Called Strike 1-1: Ball Passed Ball! Ronnie Brooks to third 2-1: Ball 3-1: Foul Ball, location: 2F 3-2: Foul Ball, location: 2F 3-2: Reached on error, E5 (Groundball, 56S, EV 88.8 MPH) Ronnie Brooks scores
|
|
Batting: RHB Erik Mulligan
|
0-0: Called Strike 0-1: Foul Ball, location: 2F 0-2: Ball Passed Ball! Andrew DeRicco to second 1-2: Strikes out swinging
|
| Bottom of the 5th over - 1 run, 0 hits, 2 errors, 1 left on base; Kingsport 0 - Bristol 14 |
| TOP OF THE 6TH |
|
Kingsport Mets batting - Pitching for Bristol Pirates : LHP Alfredo Carranza
|
|
Batting: LHB Matt Baker
|
0-0: Ground out 4-3 (Groundball, 34, EV 85.0 MPH)
|
|
Batting: RHB Coltin Nellis
|
0-0: Ball 1-0: Foul Ball, location: 2F 1-1: Swinging Strike 1-2: Foul Ball, location: 2F 1-2: Foul Ball, location: 2F 1-2: Ball 2-2: Foul Ball, location: 2F 2-2: SINGLE (Groundball, 56D, EV 102.5 MPH) (infield hit)
|
|
Batting: LHB Jason Jones
|
0-0: Foul Ball, location: 2F 0-1: Foul Ball, location: 2F 0-2: Foul Ball, location: 2F 0-2: Foul Ball, location: 2F 0-2: Grounds into double play, 3-6-1 (Groundball, 34, EV 106.9 MPH)
|
| Top of the 6th over - 0 runs, 1 hit, 0 errors, 0 left on base; Kingsport 0 - Bristol 14 |
| BOTTOM OF THE 6TH |
|
Bristol Pirates batting - Pitching for Kingsport Mets : RHP Pat Sprague
|
|
Batting: SHB Don Hauk
|
0-0: Ball 1-0: Ball 2-0: Ball 3-0: Base on Balls
|
|
Batting: RHB Pete Hutton
|
0-0: Ball 1-0: Called Strike 1-1: Ball Wild Pitch! Don Hauk to second 2-1: Called Strike 2-2: Ball 3-2: Foul Ball, location: 2F 3-2: Strikes out swinging
|
|
Batting: LHB Randy Boone
|
0-0: Ball 1-0: Fly out, F6 (Line Drive, 56, EV 69.4 MPH)
|
|
Batting: RHB Randy Bergman
|
0-0: Foul Ball, location: 2F 0-1: Ball Passed Ball! Don Hauk to third 1-1: Ball 2-1: Foul Ball, location: 2F 2-2: Ball Passed Ball! Don Hauk scores 3-2: Base on Balls
|
|
Batting: RHB Alain Marquet
|
0-0: Ball Wild Pitch! Randy Bergman to second 1-0: Ball 2-0: Foul Ball, location: 2F 2-1: Ball 3-1: Base on Balls
|
|
Batting: SHB Ronnie Brooks
|
0-0: Reached on error, E3 (Groundball, 34, EV 86.2 MPH) Randy Bergman to third Alain Marquet to second
|
|
Batting: RHB Frank Elizondo
|
0-0: Called Strike 0-1: Called Strike 0-2: Strikes out looking
|
| Bottom of the 6th over - 1 run, 0 hits, 1 error, 3 left on base; Kingsport 0 - Bristol 15 |
| TOP OF THE 7TH |
|
Kingsport Mets batting - Pitching for Bristol Pirates : LHP Alfredo Carranza
|
|
Batting: RHB Roberto Delgado
|
0-0: Ball 1-0: Fly out, F8 (Line Drive, 8LM, EV 98.1 MPH)
|
|
Pinch Hitting: RHB Warren Carmichael
|
0-0: Ball 1-0: Foul Ball, location: 2F 1-1: Ground out 3-1 (Groundball, 34, EV 78.1 MPH)
|
|
Pinch Hitting: RHB Chris Graham
|
0-0: Ball 1-0: Ball 2-0: Foul Ball, location: 2F 2-1: Ball 3-1: Base on Balls
|
|
Batting: RHB Danny Runberg
|
0-0: Swinging Strike 0-1: Foul Ball, location: 2F 0-2: Foul Ball, location: 2F 0-2: Strikes out swinging
|
| Top of the 7th over - 0 runs, 0 hits, 0 errors, 1 left on base; Kingsport 0 - Bristol 15 |
| BOTTOM OF THE 7TH |
|
Bristol Pirates batting - Pitching for Kingsport Mets : RHP Pat Sprague
|
|
Pitching: LHP Tony Diaz
|
|
|
Now at SS: Chris Graham
|
|
|
Now in LF: Dan Bremseth
|
|
|
Batting: RHB Andrew DeRicco
|
0-0: Ball 1-0: Ball 2-0: Ball 3-0: Called Strike 3-1: Base on Balls
|
|
Batting: RHB Erik Mulligan
|
0-0: Ball Passed Ball! Andrew DeRicco to second 1-0: Fly out, F4 (Line Drive, 4M, EV 61.2 MPH) Lined into DP, U4 (Line Drive, 4M, EV 63.8 MPH)
|
|
Batting: SHB Don Hauk
|
0-0: Ball 1-0: Called Strike 1-1: Ball 2-1: Foul Ball, location: 2F 2-2: Strikes out swinging
|
| Bottom of the 7th over - 0 runs, 0 hits, 0 errors, 0 left on base; Kingsport 0 - Bristol 15 |
| TOP OF THE 8TH |
|
Kingsport Mets batting - Pitching for Bristol Pirates : LHP Alfredo Carranza
|
|
Batting: SHB Nick Daigle
|
0-0: Called Strike 0-1: Called Strike 0-2: Foul Ball, location: 2F 0-2: Ball 1-2: Ball 2-2: Ball 3-2: Base on Balls
|
|
Batting: LHB Miguel Ramos
|
0-0: Called Strike 0-1: Reached on error, E4 (Groundball, 4M, EV 85.0 MPH) Nick Daigle to second
|
|
Batting: LHB Matt Baker
|
0-0: Fly out, F8 (Line Drive, 8LM, EV 96.2 MPH)
|
|
Batting: RHB Coltin Nellis
|
0-0: Foul Ball, location: 2F 0-1: Ball 1-1: Fly out, F7 (Flyball, 7LM, EV 82.5 MPH)
|
|
Batting: LHB Jason Jones
|
0-0: Ground out 4-3 (Groundball, 34, EV 85.0 MPH)
|
| Top of the 8th over - 0 runs, 0 hits, 1 error, 2 left on base; Kingsport 0 - Bristol 15 |
| BOTTOM OF THE 8TH |
|
Bristol Pirates batting - Pitching for Kingsport Mets : LHP Tony Diaz
|
|
Batting: RHB Pete Hutton
|
0-0: Swinging Strike 0-1: Foul Ball, location: 2F 0-2: Strikes out swinging
|
|
Batting: LHB Randy Boone
|
0-0: Swinging Strike 0-1: Ball 1-1: Foul Ball, location: 2F 1-2: Ball 2-2: Strikes out swinging
|
|
Batting: RHB Randy Bergman
|
0-0: Called Strike 0-1: Ball 1-1: Ball 2-1: Called Strike 2-2: Foul Ball, location: 2F 2-2: Ball 3-2: Base on Balls
|
|
Pitching: RHP Jose Herrera
|
|
|
Batting: RHB Alain Marquet
|
0-0: Ball 1-0: Ball 2-0: Called Strike 2-1: Swinging Strike 2-2: Foul Ball, location: 2F 2-2: Strikes out swinging
|
| Bottom of the 8th over - 0 runs, 0 hits, 0 errors, 1 left on base; Kingsport 0 - Bristol 15 |
| TOP OF THE 9TH |
|
Kingsport Mets batting - Pitching for Bristol Pirates : LHP Alfredo Carranza
|
|
Batting: RHB Roberto Delgado
|
0-0: Ground out 6-3 (Groundball, 6M, EV 99.4 MPH)
|
|
Batting: LHB Dan Bremseth
|
0-0: Ball 1-0: Ball 2-0: Called Strike 2-1: Fly out, F3 (Popup, 3F, EV 81.2 MPH)
|
|
Batting: RHB Chris Graham
|
0-0: Ball 1-0: Swinging Strike 1-1: Foul Ball, location: 2F 1-2: Ball 2-2: Ground out 5-3 (Groundball, 56, EV 102.5 MPH)
|
| Top of the 9th over - 0 runs, 0 hits, 0 errors, 0 left on base; Kingsport 0 - Bristol 15 |
|